 Dungeon Crawl Stone Soup version 0.29.0-4-gdea44cf6ec (webtiles) character file.

Game seed: 1225481865377401510

74 qw the Chopper (level 4, -7/39 HPs)
             Began as a Minotaur Berserker on Sept 4, 2022.
             Was a Follower of Trog.
             Mangled by Sigmund
             ... wielding a +0 scythe
              (8 damage)
             ... on level 3 of the Dungeon.
             The game lasted 00:00:54 (3789 turns).

qw the Chopper (Minotaur Berserker)                 Turns: 3789, Time: 00:00:55

Health: -7/39      AC:  8    Str: 23    XL:     4   Next: 9%
Magic:  3/3        EV: 15    Int:  4    God:    Trog [*.....]
Gold:   98         SH:  0    Dex: 10    Spells: 3/3 levels left

rFire   . . .      SeeInvis .   h - +0 war axe
rCold   . . .      Faith    .   (no shield)
rNeg    . . .      Spirit   .   j - +0 ring mail
rPois   .          Reflect  .   (helmet restricted)
rElec   .          Harm     .   (no cloak)
rCorr   .          Rampage  .   a - +2 pair of gloves of Recklessness {Stlth+}
Will    .....                   (no boots)
Stlth   +.........              (no amulet)
HPRegen 0.13/turn               l - +4 ring of evasion
MPRegen 0.08/turn               (no ring)

@: confused, on berserk cooldown, slowed, very slow
A: horns 2, retaliatory headbutt
a: Renounce Religion, Berserk


You were on level 3 of the Dungeon.
You worshipped Trog.
Trog was aware of your devotion.
You visited 1 branch of the dungeon, and saw 3 of its levels.

You collected 192 gold pieces.
You spent 94 gold pieces at shops.


Innate Abilities, Weirdness & Mutations

You have a pair of horns on your head.
You reflexively headbutt those who attack you in melee.


   Skills:
 - Level 3.6 Fighting
 + Level 6.0 Axes
 - Level 2.4 Armour
 - Level 2.1 Dodging


You had 3 spell levels left.
You didn't know any spells.
Your spell library was empty.

Inventory:

Hand Weapons
 c - a +0 flail
 h - a +0 war axe (weapon)
Armour
 a - the +2 pair of gloves of Recklessness (worn) {Stlth+}
   (You acquired it on level 1 of the Dungeon)

   Stlth:     It makes you more stealthy.
 b - a +0 chain mail
 j - a +0 ring mail (worn)
 k - an orb of energy
Jewellery
 l - a +4 ring of evasion (left hand)
Scrolls
 e - a scroll of identify
 m - a scroll of teleportation {unknown}
 n - a scroll of blinking {unknown}
Potions
 d - a potion of heal wounds
 f - a potion of might {unknown}
 g - a potion of curing {unknown}
 i - a potion of lignification {unknown}

Dungeon Overview and Level Annotations

Branches:
Dungeon (3/15)

Altars:
Gozag

Shops:
D:1 :   D:3 (

Annotations:
D:3 Sigmund


Message History

Something hits you.
You're too confused to attack without stumbling around!
There is a strange disturbance nearby!
Something hits you.
You're too confused to attack without stumbling around!
There is a strange disturbance nearby!
You hear some strange, mumbled words.
You are more confused.
You're too confused to attack without stumbling around!
There is a strange disturbance nearby!
Something barely misses you.
You're too confused to attack without stumbling around!
There is a strange disturbance nearby!
A magic dart appears from out of thin air!
The magic dart hits you. Something hits you but does no damage.
You're too confused to attack without stumbling around!
There is a strange disturbance nearby!
Something hits you!
You're too confused to attack without stumbling around!
There is a strange disturbance nearby!
You hear some strange, mumbled words.
You are more confused.
You're too confused to attack without stumbling around!
There is a strange disturbance nearby!
Something hits you.
You're too confused to attack without stumbling around!
There is a strange disturbance nearby!
Something barely misses you.
You're too confused to attack without stumbling around!
There is a strange disturbance nearby!
You hear some strange, mumbled words.
You are more confused.
You're too confused to attack without stumbling around!
There is a strange disturbance nearby!
Sigmund appears from thin air!
Reactivating autopickup.
Sigmund gestures at you while chanting. The magic dart hits you.
Sigmund hits you from afar with a +0 scythe!
You die...

##.# .#.###
######.#...#
#@.......#
#.##.....# #
#@##.....# #
....@...##.....#
#
........##.....#
#
.......###.....#
#
...##'####.....#
#.## ..
..#........#
#.#. +
####........#
#.#.


You could see Sigmund.

Vanquished Creatures
  An adder (D:2)
  A gnoll (D:1)
  3 worms
  3 dart slugs
  4 ball pythons
  2 bats
  An endoplasm (D:1)
  4 giant cockroaches
  3 hobgoblins
  A jackal (D:3)
  A kobold (D:1)
  2 quokkas (D:1)
  2 frilled lizards
  5 goblins
  8 rats
41 creatures vanquished.

Vanquished Creatures (others)
  A plant (D:1)
1 creature vanquished.

Grand Total: 42 creatures vanquished

Notes
Turn   | Place    | Note
-------+----------+-------------------------------------------
     0 | D:1      | qw the Minotaur Berserker began the quest for the Orb.
     0 | D:1      | Reached XP level 1. HP: 19/19 MP: 0/0
     0 | D:1      | 0 ||| qw: Version: 0.1-a-103-gd6f5d3a
     0 | D:1      | 0 ||| qw: Game counter: 5421
     0 | D:1      | 0 ||| qw: Always use a shield: true
     0 | D:1      | 0 ||| qw: Do Orc after D:15 true
     0 | D:1      | 0 ||| qw: Do second Lair branch before Depths: true
     0 | D:1      | 0 ||| qw: Lair rune preference: random
     0 | D:1      | 0 ||| qw: Plans: Normal
     0 | D:1      | 0 ||| PLANNING D:1-11
    10 | D:1      | 10 ||| INVOKING Berserk.
    13 | D:1      | HP: 7/28 [gnoll/+0 flail (10)]
    16 | D:1      | Reached skill level 4 in Axes
    16 | D:1      | Reached XP level 2. HP: 10/26 MP: 1/1
   797 | D:1      | 797 ||| Stepping ~*~*~tactically~*~*~ (stealth).
   799 | D:1      | 799 ||| Stepping ~*~*~tactically~*~*~ (stealth).
   829 | D:1      | Reached skill level 5 in Axes
   850 | D:1      | Found Wustom's Book Shoppe.
   860 | D:1      | 860 ||| DROPPING scarf of invisibility.
   861 | D:1      | 861 ||| UPGRADING to +0 ring mail.
   871 | D:1      | 871 ||| DROPPING +0 animal skin.
   872 | D:1      | 872 ||| DROPPING amulet of faith.
   873 | D:1      | 873 ||| UPGRADING to +4 ring of evasion.
   874 | D:1      | 874 ||| READING scroll labelled WOALOH ONAI.
   875 | D:1      | 875 ||| READING scroll labelled XATHRIJICIJ.
   876 | D:1      | 876 ||| READING scroll labelled PEDI KEOGRYA.
   876 | D:1      | Identified a scroll of acquirement
   876 | D:1      | 876 ||| ACQUIRING +2 pair of gloves of Recklessness
                  | {Stlth+}
   876 | D:1      | Acquired the +2 pair of gloves of Recklessness {Stlth+}
   878 | D:1      | 878 ||| UPGRADING to +2 pair of gloves of Recklessness
                  | {Stlth+}.
   883 | D:1      | 883 ||| DRINKING 2 fuming amethyst potions.
   884 | D:1      | 884 ||| DROPPING potion of attraction.
   885 | D:1      | 885 ||| Stepping randomly (stuck).
   886 | D:1      | 886 ||| Stepping ~*~*~tactically~*~*~ (cloud).
   890 | D:1      | HP: 6/26 [poisoned by you (poison gas)]
   894 | D:1      | HP: 2/26 [poisoned by you (poison gas)]
  1227 | D:2      | Found a faded altar of an unknown god.
  1266 | D:2      | Reached XP level 3. HP: 22/31 MP: 2/2
  1833 | D:2      | 1833 ||| INVOKING Berserk.
  2054 | D:2      | 2054 ||| Stepping ~*~*~tactically~*~*~ (hiding).
  2156 | D:2      | 2156 ||| Stepping ~*~*~tactically~*~*~ (hiding).
  2258 | D:2      | 2258 ||| Stepping ~*~*~tactically~*~*~ (hiding).
  2360 | D:2      | 2360 ||| Stepping ~*~*~tactically~*~*~ (hiding).
  2462 | D:2      | 2462 ||| Stepping ~*~*~tactically~*~*~ (hiding).
  2564 | D:2      | 2564 ||| Stepping ~*~*~tactically~*~*~ (hiding).
  2676 | D:2      | Found an opulent altar of Gozag.
  3036 | D:2      | 3036 ||| DROPPING ring of flight.
  3037 | D:2      | 3037 ||| READING scroll labelled IMAM HULYD.
  3038 | D:2      | 3038 ||| READING scroll labelled SERUEBR XINOTZ.
  3139 | D:2      | 3139 ||| READING 2 scrolls of identify.
  3139 | D:2      | 3139 ||| IDENTIFYING yellow potion
  3293 | D:3      | Found Xyligut's Antique Weapon Shoppe.
  3301 | D:3      | 3301 ||| BUYING war axe (94 gold).
  3301 | D:3      | Bought a war axe for 94 gold pieces
  3301 | D:3      | 3301 ||| SWAPPING to +0 war axe.
  3302 | D:3      | 3302 ||| DROPPING +1 hand axe.
  3423 | D:3      | 3423 ||| INVOKING Berserk.
  3562 | D:3      | 3562 ||| Stepping ~*~*~tactically~*~*~ (stealth).
  3569 | D:3      | 3569 ||| INVOKING Berserk.
  3573 | D:3      | Reached skill level 6 in Axes
  3573 | D:3      | Reached XP level 4. HP: 39/39 MP: 3/3
  3745 | D:3      | Noticed Sigmund
  3746 | D:3      | 3746 ||| Stepping ~*~*~tactically~*~*~ (stealth).
  3748 | D:3      | 3748 ||| Stepping ~*~*~tactically~*~*~ (stealth).
  3750 | D:3      | 3750 ||| Stepping ~*~*~tactically~*~*~ (stealth).
  3755 | D:3      | 3755 ||| Stepping ~*~*~tactically~*~*~ (stealth).
  3759 | D:3      | 3759 ||| INVOKING Berserk.
  3784 | D:3      | HP: 8/39 [something (9)]
  3789 | D:3      | HP: 1/39 [Sigmund/magic dart (6)]
  3789 | D:3      | Mangled by Sigmund

Levels and vault maps discovered:
D:1:      lightli_arrival_statuegarden, layout_basic, serial_shops,
          nicolae_lakefront_shop
D:2:      layout_basic, shapermc_ecumenical_altar_rom_forum, basic_altar,
          kennysheep_small_spiral
D:3:      minmay_diamond_boxcup, layout_basic, nicolae_elyvilon_temple_path,
          serial_shops, shop, uniq_grinder, uniq_sigmund, uniq_jessica

Skill      XL: |  1  2  3 |
---------------+----------+-----
Axes           | 4 5 6 |  6.0
Fighting       | |  3.6
Armour         | |  2.4
Dodging        | |  2.1

Action                   |  1- 3 |  4- 6 || total
-------------------------+-------+-------++-------
Melee: Hand axe          |    77 |       ||    77
       Punch             |     1 |     1 ||     2
       Headbutt          |    18 |       ||    18
       War axe           |    16 |     8 ||    24
Invok: Berserk           |     4 |     1 ||     5
  Use: Scroll            |     6 |       ||     6
       Potion            |     1 |       ||     1
Armor: Ring mail         |     6 |    10 ||    16
       Animal skin       |     3 |       ||     3
Dodge: Dodged            |    47 |    11 ||    58

Table legend:
 A = Non-vault XP
 B = Vault XP
 C = Vault XP percentage of total XP
 D = Non-vault monster count
 E = Vault monster count
 F = Vault count percentage of total count
                 A         B        C        D         E       F
            +---------+---------+-------+---------+---------+-------
      Total |      86 |      20 |  18.9 |      34 |       7 |  17.1
            +---------+---------+-------+---------+---------+-------
        D:1 |      36 |       0 |   0.0 |      15 |       0 |   0.0
        D:2 |      36 |       0 |   0.0 |      12 |       0 |   0.0
        D:3 |      14 |      20 |  58.8 |       7 |       7 |  50.0
            +---------+---------+-------+---------+---------+-------
